 Dungeon Sprint DCSS version 0.16-a0-119-gc74d62a (webtiles) character file.

10276 BluebellGnoll the Unseen (level 11, 56/56 HPs)
             Began as a Spriggan Enchanter on Aug 12, 2014.
             Was the Champion of Sif Muna.
             Quit the game in the Dungeon (Sprint IX: "|||||||||||||||||||||||||||||").
             The game lasted 00:22:34 (2749 turns).

BluebellGnoll the Unseen (Spriggan Enchanter)       Turns: 2749, Time: 00:22:35

HP  56/56        AC  5     Str  7      XL: 11   Next: 34%
MP  28/36        EV 32     Int 23      God: Sif Muna [******]
Gold 1721        SH  0     Dex 17      Spells: 10 memorised,  9 levels left

rFire  . . .     SeeInvis +     E - +7 trident of Purpose {drain, +Blink +Fly rF-}
rCold  + . .     Clarity  .     D - +2 robe {rC+ rF+}
rNeg   . . .     rCorr    .     (shield restricted)
rPois  .         rRot     .     (helmet restricted)
rElec  .         Spirit   .     a - +0 cloak
SustAb .         Warding  .     (gloves unavailable)
rMut   .         NoTele   +     (boots unavailable)
Gourm  .                        (no amulet)
MR     +....                    q - +3 ring of strength
                                p - +3 ring of intelligence

@: very quick, somewhat resistant to hostile enchantments, extraordinarily
stealthy
A: unfitting armour, see invisible, herbivore 3, speed 3, slow metabolism 2
a: Channel Energy, Forget Spell, Renounce Religion, Evoke Blink, Evoke Flight


You were in the Dungeon.
You worshipped Sif Muna.
Sif Muna was exalted by your worship.
You were not hungry.

You visited 1 branch You collected 1916 gold pieces.
You spent 195 gold pieces at shops.

Inventory:

Hand weapons
 n - a +2 cutlass of venom
 o - a +2 scimitar of holy wrath
 E - the +7 trident of Purpose (weapon) {drain, +Blink +Fly rF-}
   (You bought it in a shop in the Dungeon)

   A truly terrible weapon, it drains the life of those it strikes.
   It makes you vulnerable to fire.
   It lets you fly.
   It lets you blink.
Armour
 a - a +0 cloak (worn)
 b - a +1 robe
 D - a +2 robe of resistance (worn)
Magical devices
 m - a wand of fire (7)
Comestibles
 A - 40 fruits
 B - 12 bread rations
Scrolls
 j - 3 scrolls of blinking
 k - 5 scrolls of remove curse
 l - 2 scrolls of amnesia
 u - a scroll of identify
 v - a scroll of vulnerability
 w - a scroll of fog
 x - 4 scrolls of enchant weapon
 z - a scroll of immolation
Jewellery
 p - a +3 ring of intelligence (left hand)
 q - a +3 ring of strength (right hand)
Potions
 d - a potion of porridge
 e - 6 potions of curing
 f - 5 potions of heal wounds
 g - a potion of invisibility
 h - 4 potions of magic
 i - 2 potions of berserk rage
 s - 2 potions of might
 t - a potion of brilliance
Books
 c - a book of Maledictions

   Spells                             Type                      Level
   *Corona                            Hexes                        1
   *Sure Blade                        Hexes/Charms                 2
   *Ensorcelled Hibernation           Hexes/Ice                    2
   *Confuse                           Hexes                        3
   *Dazzling Spray                    Conjuration/Hexes            3
   *Enslavement                       Hexes                        4
 r - Hyotewuydd's Disquisition on Bewitchment
   (Sif Muna gifted it to you in the Dungeon)

   Spells                             Type                      Level
   Confusing Touch                    Hexes                        2
   *Ensorcelled Hibernation           Hexes/Ice                    2
   *Inner Flame                       Hexes/Fire                   3
   *Summon Mana Viper                 Hexes/Summoning              5
   Darkness                           Hexes                        7
 y - a book of Party Tricks

   Spells                             Type                      Level
   Summon Butterflies                 Summoning                    1
   Apportation                        Translocation                1
   Blink                              Translocation                2
   Tukima's Dance                     Hexes                        3
   Alistair's Intoxication            Transmutation/Poison         4
 C - Sif Muna's Tome of Curses
   (Sif Muna gifted it to you in the Dungeon)

   Spells                             Type                      Level
   Confusing Touch                    Hexes                        2
   Slow                               Hexes                        2
   *Fulminant Prism                   Conjuration/Hexes            4
   *Cause Fear                        Hexes                        4
   Leda's Liquefaction                Hexes/Earth                  4
   Summon Guardian Golem              Hexes/Summoning              4


   Skills:
 - Level 6.3 Fighting
 - Level 10.0 Short Blades
 + Level 16.6 Dodging
 - Level 19.2 Stealth
 - Level 15.2 Spellcasting
 - Level 15.6 Hexes


You had 9 spell levels left.
You knew the following spells:

 Your Spells              Type           Power        Failure   Level  Hunger
a - Corona                Hex            ######.      0%          1    None
b - Ensorcelled Hibernat  Hex/Ice        ######       1%          2    None
c - Confuse               Hex            ######..     1%          3    None
d - Sure Blade            Hex/Chrm       ######....   1%          2    None
e - Dazzling Spray        Conj/Hex       ######..     1%          3    None
f - Enslavement           Hex            ######..     1%          4    None
g - Summon Mana Viper     Hex/Summ       ######..     4%          5    None
h - Inner Flame           Hex/Fire       ######..     1%          3    None
i - Cause Fear            Hex            ######....   1%          4    None
j - Fulminant Prism       Conj/Hex       ######....   1%          4    None


Dungeon Overview and Level Annotations

Branches:
Dungeon (1/1)

Altars:
Cheibriados
Dithmenos
Elyvilon
Fedhas
Gozag
Kikubaaqudgha
Makhleb
Nemelex Xobeh
Okawaru
Qazlal
Sif Muna
Trog
Vehumet
Xom
Yredelemnul
Zin
The Shining One
Beogh
Jiyva
Lugonu

Shops:
D =*[?


Innate Abilities, Weirdness & Mutations

You are tiny and cannot use many weapons and most armour.
You have supernaturally acute eyesight.
You are a herbivore.
You cover ground extremely quickly.
You need consume almost no food.


Message History

a giant club x2
You now have 1866 gold pieces (gained 50).
There is an entrance to Klois' Jewellery Shop here.
There is an entrance to Odexaus' Assorted Antiques here.
You now have 1916 gold pieces (gained 50).
There is an entrance to Hisaet's Armour Shop here.
Things that are here:
a giant club x2
There is an entrance to Qorhituo's Magic Scroll Boutique here.
Things that are here:
a giant club x2
There is an entrance to Hisaet's Armour Shop here.
There is an entrance to Odexaus' Assorted Antiques here.
E - a jewelled trident Thank you for shopping at Odexaus' Assorted Antiques!
Wield which item (- for none, * to show all)? (? for menu, Esc to quit)
Your +2 cutlass of venom stops dripping with poison.
You sense an unholy aura.
E - the +7 trident of Purpose (weapon)
{drain, +Blink +Fly rF-} Are you sure you want to abandon this character and quit the game? (Confirm with "yes".)

▓.▓.▓[▓.▓+▓
▓.▓.▓[▓.▓.▓
▓'▓.▓.▓.▓.▓
▓%▓.▓%▓.▓)▓
▓.▓.▓'▓.▓.▓
▓.▓.▓.▓.▓.▓
▓.▓.▓.▓.▓∩▓
▓.▓.▓)▓.▓.▓
▓.▓.▓.▓.▓@▓
▓'▓.▓%▓.▓.▓
▓)▓.▓.▓.▓∩▓
▓.▓.▓.▓.▓)▓
▓[▓.▓.▓.▓∩▓
▓[▓.▓.▓.▓.▓
▓.▓.▓.▓.▓)▓
▓)▓.▓.▓.▓)▓
▓|▓.▓.▓.▓)▓


There were no monsters in sight!

Vanquished Creatures
  An ettin (D)
  3 ogre magi (D)
  Erica (D)
  2 orc knights (D)
  An ugly thing (D)
  An orc sorcerer (D)
  2 spiny frogs (D)
  A black mamba (D)
  3 polar bears (D)
  A blink frog (D)
  4 two-headed ogres (D)
  A wyvern (D)
  A yak (D)
  A hippogriff (D)
  5 black bears (D)
  13 orc warriors (D)
  5 water moccasins (D)
  2 sky beasts (D)
  A phantom (D)
  6 ogres (D)
  A crocodile (D)
  2 giant frogs (D)
  A crimson imp (D)
  3 orc priests (D)
  3 hounds (D)
  An orc wizard (D)
  A worker ant (D)
  An iguana (D)
  3 adders (D)
  An ooze (D)
  7 orcs (D)
  A hobgoblin (D)
  A kobold (D)
  A quokka (D)
  A giant newt (D)
  A goblin (D)
  A goblin zombie (D)
  2 rats (D)
87 creatures vanquished.

Notes
Turn   | Place    | Note
--------------------------------------------------------------
     0 | D        | BluebellGnoll, the Spriggan Enchanter, began the quest for the Orb.
     0 | D        | Reached XP level 1. HP: 9/9 MP: 4/4
     7 | D        | Reached skill level 5 in Stealth
     9 | D        | Reached skill level 6 in Stealth
    29 | D        | Noticed a sky beast
    31 | D        | Reached skill level 8 in Stealth
    31 | D        | Reached XP level 2. HP: 10/13 MP: 7/7
    43 | D        | Learned a level 2 spell: Ensorcelled Hibernation
    96 | D        | Reached skill level 9 in Stealth
   101 | D        | Killed a sky beast
   101 | D        | Reached skill level 14 in Stealth
   101 | D        | Reached XP level 3. HP: 2/16 MP: 3/9
   101 | D        | Reached XP level 4. HP: 2/21 MP: 4/12
   109 | D        | Found a glowing silver altar of Zin.
   109 | D        | Found a glowing golden altar of the Shining One.
   109 | D        | Found an ancient bone altar of Kikubaaqudgha.
   109 | D        | Found a basalt altar of Yredelemnul.
   109 | D        | Found a shimmering altar of Xom.
   109 | D        | Found a radiant altar of Vehumet.
   109 | D        | Found an iron altar of Okawaru.
   110 | D        | Found a burning altar of Makhleb.
   111 | D        | Found a deep blue altar of Sif Muna.
   112 | D        | Found a bloodstained altar of Trog.
   113 | D        | Found a sparkling altar of Nemelex Xobeh.
   114 | D        | Found a white marble altar of Elyvilon.
   115 | D        | Found a roughly hewn altar of Beogh.
   116 | D        | Found a viscous altar of Jiyva.
   117 | D        | Found a corrupted altar of Lugonu.
   118 | D        | Found a blossoming altar of Fedhas.
   119 | D        | Found a snail-covered altar of Cheibriados.
   120 | D        | Became a worshipper of Sif Muna the Loreminder
   121 | D        | Found a shadowy altar of Dithmenos.
   122 | D        | Found a stormy altar of Qazlal.
   123 | D        | Found an opulent altar of Gozag.
   165 | D        | Learned a level 3 spell: Confuse
   168 | D        | Learned a level 2 spell: Sure Blade
   386 | D        | Noticed a giant frog
   386 | D        | Noticed an orc warrior
   386 | D        | Noticed a worker ant
   386 | D        | Noticed an orc warrior
   386 | D        | Noticed a hound
   386 | D        | Noticed a giant frog
   388 | D        | Killed a giant frog
   388 | D        | Acquired Sif Muna's first power
   388 | D        | Reached skill level 5 in Spellcasting
   388 | D        | Reached XP level 5. HP: 24/24 MP: 13/19
   390 | D        | Killed a hound
   390 | D        | Acquired Sif Muna's second power
   409 | D        | Killed a worker ant
   430 | D        | Killed an orc warrior
   430 | D        | Reached XP level 6. HP: 28/28 MP: 13/23
   443 | D        | Killed an orc warrior
   465 | D        | Killed a giant frog
   465 | D        | Acquired Sif Muna's third power
   465 | D        | Reached skill level 10 in Hexes
   470 | D        | Learned a level 3 spell: Dazzling Spray
   475 | D        | Learned a level 4 spell: Enslavement
   521 | D        | Noticed a crimson imp
   521 | D        | Noticed a wyvern
   521 | D        | Noticed a sky beast
   521 | D        | Noticed a brown ugly thing
   521 | D        | Noticed a phantom
   523 | D        | Killed a phantom
   523 | D        | Reached skill level 10 in Spellcasting
   570 | D        | Killed a sky beast
   570 | D        | Reached XP level 7. HP: 5/32 MP: 19/28
   574 | D        | Killed a crimson imp
   590 | D        | Killed a brown ugly thing
   590 | D        | Received a gift from Sif Muna
   590 | D        | Reached XP level 8. HP: 6/36 MP: 4/32
   621 | D        | Killed a wyvern
   621 | D        | Reached skill level 15 in Spellcasting
   639 | D        | Identified Hyotewuydd's Disquisition on Bewitchment (Sif Muna gifted it to you in the Dungeon)
   646 | D        | Learned a level 5 spell: Summon Mana Viper
   780 | D        | Learned a level 3 spell: Inner Flame
   891 | D        | Noticed a hound
   891 | D        | Noticed a hound
   891 | D        | Noticed a blink frog
   891 | D        | Noticed an iguana
   892 | D        | Noticed a water moccasin
   898 | D        | Killed an iguana
   906 | D        | Killed a hound
   910 | D        | Killed a hound
   910 | D        | Killed a blink frog
   919 | D        | Killed a water moccasin
   934 | D        | Noticed a spiny frog
   942 | D        | Killed a spiny frog
   942 | D        | Reached skill level 5 in Short Blades
   942 | D        | Reached skill level 10 in Dodging
   993 | D        | Noticed a water moccasin
   993 | D        | Noticed a hippogriff
   993 | D        | Noticed a water moccasin
   993 | D        | Noticed a water moccasin
   993 | D        | Noticed a water moccasin
   993 | D        | Noticed a spiny frog
   993 | D        | Noticed a yak
   994 | D        | Noticed a crocodile
   995 | D        | Killed a yak
   995 | D        | Reached XP level 9. HP: 39/39 MP: 34/34
   996 | D        | Noticed a black mamba
   997 | D        | Killed a spiny frog
   997 | D        | Reached skill level 15 in Stealth
  1015 | D        | Killed a water moccasin
  1035 | D        | Killed a water moccasin
  1035 | D        | Reached skill level 16 in Stealth
  1047 | D        | Killed a water moccasin
  1050 | D        | Killed a hippogriff
  1050 | D        | Received a gift from Sif Muna
  1067 | D        | Killed a water moccasin
  1069 | D        | Killed a crocodile
  1075 | D        | Killed a black mamba
  1235 | D        | Noticed a black bear
  1235 | D        | Noticed a polar bear
  1235 | D        | Noticed a black bear
  1235 | D        | Noticed a black bear
  1235 | D        | Noticed a polar bear
  1235 | D        | Noticed a black bear
  1235 | D        | Noticed a polar bear
  1236 | D        | Noticed a black bear
  1491 | D        | Killed a polar bear
  1497 | D        | Killed a black bear
  1497 | D        | Killed a polar bear
  1500 | D        | Killed a black bear
  1516 | D        | Killed a black bear
  1526 | D        | Killed a polar bear
  1526 | D        | Reached XP level 10. HP: 44/44 MP: 26/35
  1528 | D        | Killed a black bear
  1532 | D        | Killed a black bear
  1605 | D        | Noticed Erica
  1616 | D        | Killed Erica
  1616 | D        | Received a gift from Sif Muna
  1616 | D        | Reached skill level 10 in Short Blades
  1616 | D        | Reached skill level 15 in Hexes
  1691 | D        | Identified Sif Muna's Tome of Curses (Sif Muna gifted it to you in the Dungeon)
  1697 | D        | Learned a level 4 spell: Cause Fear
  1702 | D        | Learned a level 4 spell: Fulminant Prism
  1867 | D        | Noticed an ettin
  1867 | D        | Noticed an orc wizard
  1867 | D        | Noticed an orc priest
  1867 | D        | Noticed an orc warrior
  1869 | D        | Noticed an orc warrior
  1882 | D        | Killed an orc warrior
  1882 | D        | Reached skill level 1 in Fighting
  1885 | D        | Killed an orc priest
  1921 | D        | Killed an orc wizard
  1956 | D        | Killed an ettin
  1956 | D        | Reached skill level 5 in Fighting
  2022 | D        | Killed an orc warrior
  2059 | D        | Noticed an orc priest
  2060 | D        | Noticed an orc knight
  2061 | D        | Noticed an orc warrior
  2077 | D        | Killed an orc warrior
  2087 | D        | Killed an orc priest
  2125 | D        | Killed an orc knight
  2237 | D        | Noticed an orc warrior
  2237 | D        | Noticed an orc warrior
  2237 | D        | Noticed an orc warrior
  2237 | D        | Noticed an orc warrior
  2237 | D        | Noticed an orc warrior
  2237 | D        | Noticed an orc warrior
  2242 | D        | Killed an orc warrior
  2247 | D        | Killed an orc warrior
  2249 | D        | Noticed an orc warrior
  2250 | D        | Killed an orc warrior
  2253 | D        | Noticed an orc priest
  2254 | D        | Noticed an orc knight
  2255 | D        | Killed an orc warrior
  2255 | D        | Reached skill level 17 in Stealth
  2262 | D        | Killed an orc warrior
  2268 | D        | Killed an orc warrior
  2319 | D        | Killed an orc warrior
  2337 | D        | Killed an orc knight
  2337 | D        | Reached skill level 18 in Stealth
  2353 | D        | Killed an orc priest
  2417 | D        | Noticed an orc warrior
  2423 | D        | Killed an orc warrior
  2427 | D        | Noticed an orc sorcerer
  2459 | D        | Killed an orc sorcerer
  2459 | D        | Reached skill level 19 in Stealth
  2603 | D        | Found Qorhituo's Magic Scroll Boutique.
  2603 | D        | Noticed an ogre mage
  2603 | D        | Noticed an ogre mage
  2603 | D        | Noticed an ogre
  2603 | D        | Noticed an ogre
  2603 | D        | Noticed an ogre
  2603 | D        | Noticed an ogre
  2604 | D        | Found Hisaet's Armour Shop.
  2605 | D        | Killed an ogre
  2606 | D        | Noticed a two-headed ogre
  2607 | D        | Killed an ogre
  2607 | D        | Reached XP level 11. HP: 56/56 MP: 36/36
  2609 | D        | Found Odexaus' Assorted Antiques.
  2610 | D        | Killed an ogre
  2612 | D        | Noticed a two-headed ogre
  2613 | D        | Killed an ogre
  2616 | D        | Killed an ogre mage
  2617 | D        | Noticed an ogre mage
  2620 | D        | Noticed an ogre
  2621 | D        | Killed an ogre mage
  2623 | D        | Noticed a two-headed ogre
  2631 | D        | Killed an ogre mage
  2631 | D        | Reached skill level 15 in Dodging
  2635 | D        | Killed a two-headed ogre
  2637 | D        | Killed an ogre
  2647 | D        | Killed a two-headed ogre
  2679 | D        | Noticed an ogre
  2686 | D        | Killed an ogre
  2696 | D        | Found Klois' Jewellery Shop.
  2703 | D        | Noticed a two-headed ogre
  2712 | D        | Killed a two-headed ogre
  2723 | D        | Killed a two-headed ogre
  2747 | D        | Bought a jewelled trident for 195 gold pieces
  2748 | D        | Identified the +7 trident of Purpose {drain, +Blink +Fly rF-} (You bought it in a shop in the Dungeon)
  2749 | D        | Quit the game

Action                   |  1- 3 |  4- 6 |  7- 9 | 10-12 || total
-------------------------+-------+-------+-------+-------++-------
Melee: Dagger            |    33 |       |       |       ||    33
       Cutlass           |       |     8 |    56 |    63 ||   127
 Cast: Ensorcelled Hiber |     2 |     4 |    17 |    37 ||    60
       Corona            |     1 |       |       |       ||     1
       Confuse           |       |     4 |     6 |    10 ||    20
       Dazzling Spray    |       |       |    19 |    16 ||    35
       Sure Blade        |       |       |     1 |     2 ||     3
       Enslavement       |       |       |     1 |       ||     1
  Use: Potion            |     1 |       |       |       ||     1
 Stab: Sleeping          |     5 |     6 |    14 |    22 ||    47
       Confused          |       |       |     5 |     2 ||     7
       Invisible         |       |       |     3 |     5 ||     8
